 Dungeon Crawl Stone Soup version 0.28.0-47-ge53b351184 (webtiles) character file.

Game seed: 17465366257744411325

11 joe1234567 the Skirmisher (level 2, -1/26 HPs)
             Began as a Draconian Berserker on May 7, 2022.
             Was a Follower of Trog.
             Slain by a jackal (2 damage)
             ... on level 2 of the Dungeon.
             The game lasted 00:01:25 (125 turns).

joe1234567 the Skirmisher (Draconian Berserker)      Turns: 125, Time: 00:01:26

Health: -1/26      AC:  4    Str: 19    XL:     2   Next: 13%
Magic:  2/2        EV: 12    Int:  7    God:    Trog [*.....]
Gold:   0          SH:  0    Dex: 10    Spells: 1/1 levels left

rFire   + . .      SeeInvis .   a - +0 short sword
rCold   . . .      Faith    .   (no shield)
rNeg    . . .      Spirit   .   (armour unavailable)
rPois   .          Reflect  .   (helmet restricted)
rElec   .          Harm     .   (no cloak)
rCorr   .          Rampage  .   (no gloves)
Will    .....                   (no boots)
Stlth   +.........              (no amulet)
HPRegen 0.08/turn               c - ring of protection from fire
MPRegen 0.08/turn               (no ring)

@: no status effects
A: AC +4, unfitting armour, cold-blooded
a: Renounce Religion, Berserk


You were on level 2 of the Dungeon.
You worshipped Trog.
Trog was aware of your devotion.
You visited 1 branch of the dungeon, and saw 2 of its levels.

Inventory:

Hand Weapons
 a - a +0 short sword (weapon)
Magical Staves
 d - a staff of death
Jewellery
 c - a ring of protection from fire (left hand)


   Skills:
 + Level 3.5 Fighting
 + Level 3.2 Short Blades
 + Level 2.9 Dodging


You had one spell level left.
You didn't know any spells.
Your spell library was empty.

Dungeon Overview and Level Annotations

Branches:
Dungeon (1/15)

Altars:


Innate Abilities, Weirdness & Mutations

Your plain brown scales are hard. (AC +4)
You cannot fit into any form of body armour.
You are cold-blooded and may be slowed by cold attacks.


Message History

The jackal misses you.
You completely miss the jackal.
The jackal is moderately wounded.
A hobgoblin comes into view.
The jackal closely misses you. The jackal bites you.
* * * LOW HITPOINT WARNING * * *
The jackal misses you.
You barely miss the jackal.
The jackal is moderately wounded.
The jackal misses you.
The jackal bites you but does no damage.
The jackal barely misses you.
You closely miss the jackal.
Your tail-slap misses the jackal.
The jackal is moderately wounded.
The jackal bites you but does no damage.
The jackal bites you.
* * * LOW HITPOINT WARNING * * *
The jackal bites you but does no damage.
The jackal barely misses you. The jackal bites you.
* * * LOW HITPOINT WARNING * * *
The jackal misses you.
Unknown command.
Unknown command.
You hit the jackal but do no damage.
The jackal is moderately wounded.
The jackal barely misses you. The jackal closely misses you. x2
You hit the jackal. You tail-slap the jackal.
You kill the jackal!
Trog accepts your kill. The jackal closely misses you.
The jackal bites you but does no damage.
The jackal closely misses you. x2; The jackal barely misses you.
You see here a jackal corpse.
You hit the jackal.
Your tail-slap misses the jackal.
The jackal is almost dead.
The jackal barely misses you. The jackal misses you.
You closely miss the jackal.
The jackal is almost dead.
The jackal misses you. The jackal closely misses you. The jackal bites you.
You die...

.. .#.#
.....
#.#.####
......
#...#######.
#...#....:..
#..@hg.....#
#..h#.####..
#...#.#
#..[#.#
#...#.#
.......
.####### .[


You could see 2 jackals and a hobgoblin.

Vanquished Creatures
  A ball python (D:1)
  A bat (D:1)
  An endoplasm (D:1)
  4 goblins (D:1)
  A jackal (D:2)
8 creatures vanquished.

Notes
Turn   | Place    | Note
-------+----------+-------------------------------------------
     0 | D:1      | joe1234567 the Draconian Berserker began the quest for the
                  | Orb.
     0 | D:1      | Reached XP level 1. HP: 19/19 MP: 1/1
   110 | D:1      | Reached XP level 2. HP: 7/26 MP: 2/2
   115 | D:1      | You fall into a shaft and drop 1 floor!
   120 | D:2      | HP: 1/26 [jackal (1)]
   125 | D:2      | Slain by a jackal

Illustrated notes

Levels and vault maps discovered:
D:1:      dpeg_arrival_refuge, layout_loops_ring,
          hellmonk_ecumenical_altar_watching_god
D:2:      layout_basic, st_stairs_12, minmay_misc_feat_rows,
          ebering_dispersal_statue_hall, kennysheep_generic_room_3

Action                   || total
-------------------------++-------
Melee: Short sword       ||    22
       Tailslap          ||     2
  Use: Scroll            ||     1
Armor: Skin              ||    19
Dodge: Dodged            ||    42
